New York Rangers vs Winnipeg Jets
Created - Wednesday, May 28, 2025 at 07:58
Goals
|
| New York Rangers |
2 |
1 |
1 |
4 |
| Winnipeg Jets |
0 |
1 |
2 |
3 |
|
Shots
|
| New York Rangers |
6 |
9 |
22 |
37 |
| Winnipeg Jets |
5 |
13 |
20 |
38 |
|
1st period
1. New York Rangers , Conor Garland 12 (Cole Caufield 36, John Marino 22) at 8:57
2. New York Rangers , Sean Couturier 17 (Conor Garland 24) at 16:12
Penalties :
Nate Schmidt (WPG) for Interference (Minor) at 0:19, Jake Walman (NYR) for Roughing (Minor) at 17:51
2nd period
3. Winnipeg Jets , Adam Lowry 21 (Jason Zucker 27, Barclay Goodrow 15) at 0:38
4. New York Rangers , Dylan Strome 18 (Jake McCabe 20) at 0:50
Penalties :
Jake McCabe (NYR) for Slashing (Minor) at 5:15, Tyler Motte (NYR) for Hooking (Minor) at 5:29
3rd period
5. Winnipeg Jets , Vladislav Namestnikov 21 (Adam Lowry 16, Alexis Lafreniere 32) at 0:58 (PP)
6. Winnipeg Jets , Joel Armia 24 (Oliver Ekman-Larsson 27, Connor Bedard 50) at 6:55
7. New York Rangers , Cole Caufield 29 (Nathan MacKinnon 42) at 13:07 (PP)
Penalties :
Jake McCabe (NYR) for High sticking (Minor) at 0:43, Oliver Ekman-Larsson (WPG) for Tripping (Minor) at 12:52, Matthew Benning (NYR) for Tripping (Minor) at 17:29, Haydn Fleury (WPG) for Roughing (Minor) at 17:33
Goalie Stats
Igor Shesterkin (NYR), 35 saves from 38 shots - (0.921), W, 28-23-7, 60:00 minutes
Ukko-Pekka Luukkonen (WPG), 33 saves from 37 shots - (0.892), L, 26-20-3, 60:00 minutes
Players Stats for New York Rangers
Player Name G A P +/- PIM S H SB GA TA FO MP PP MP PK MP
------------------------------------------------------------------------------------
Adam Larsson 0 0 0 1 0 1 0 3 0 2 0/0 24:45 0:04 2:11
Artemi Panarin 0 0 0 -1 0 4 0 0 1 0 1/4 18:16 1:30 0:00
Cam Fowler 0 0 0 0 0 1 0 4 1 0 0/0 23:08 1:30 2:13
Cole Caufield 1 1 2 0 0 8 0 0 1 0 1/2 17:27 1:19 0:03
Conor Garland 1 1 2 2 0 2 2 0 0 1 0/2 13:23 0:55 0:00
David Kampf 0 0 0 0 0 2 1 0 2 0 2/5 10:15 0:00 2:19
Dylan Strome 1 0 1 0 0 2 0 0 0 0 9/18 16:50 0:55 0:00
Jake McCabe 0 1 1 1 4 0 1 0 0 0 0/0 22:35 0:00 0:56
Jake Walman 0 0 0 0 2 0 2 2 0 0 0/0 20:19 0:48 1:03
John Marino 0 1 1 0 0 1 1 1 0 0 0/0 14:26 0:00 2:20
Marcus Foligno 0 0 0 0 0 0 1 0 1 0 0/0 8:56 0:00 1:00
Matthew Benning 0 0 0 0 2 0 0 1 0 1 0/0 13:09 0:04 0:33
Mikael Granlund 0 0 0 -1 0 1 8 3 1 0 8/17 18:18 0:55 2:09
Nathan MacKinnon 0 1 1 -1 0 8 2 1 2 0 9/9 18:00 1:23 0:00
Sean Couturier 1 0 1 2 0 1 0 0 0 0 7/13 12:48 0:00 0:06
Teuvo Teravainen 0 0 0 2 0 1 0 0 0 0 1/1 13:27 0:48 0:00
Timo Meier 0 0 0 0 0 2 3 0 1 0 1/2 16:16 1:19 0:00
Tyler Motte 0 0 0 0 2 3 0 0 0 0 0/0 9:26 0:00 1:25
Players Stats for Winnipeg Jets
Player Name G A P +/- PIM S H SB GA TA FO MP PP MP PK MP
------------------------------------------------------------------------------------
Adam Lowry 1 1 2 0 0 4 3 2 0 0 7/13 16:51 2:19 1:16
Alexis Lafreniere 0 1 1 -1 0 4 3 0 1 1 0/6 21:32 2:19 1:16
Andre Burakovsky 0 0 0 0 0 2 0 1 0 0 0/0 8:36 0:00 0:00
Barclay Goodrow 0 1 1 0 0 0 0 1 0 0 1/1 12:07 0:07 0:00
Connor Bedard 0 1 1 0 0 1 2 0 1 1 12/20 19:02 2:12 1:01
Connor McDavid 0 0 0 -1 0 5 2 0 0 0 13/23 18:01 2:12 0:00
Haydn Fleury 0 0 0 0 2 1 3 5 0 2 0/0 23:12 2:35 1:14
Jason Zucker 0 1 1 0 0 5 2 0 0 1 0/1 11:58 0:00 0:01
Joel Armia 1 0 1 0 0 4 3 0 1 1 1/3 16:32 2:05 0:00
Michael Kesselring 0 0 0 0 0 3 0 0 0 1 0/0 20:06 0:00 0:00
Nate Schmidt 0 0 0 -1 2 1 1 0 0 0 0/0 10:49 1:55 0:00
Oliver Ekman-Larsson 0 1 1 0 2 1 1 4 0 0 0/0 21:06 2:14 1:14
Olli Maatta 0 0 0 0 0 0 1 1 0 1 0/0 27:29 2:17 1:33
Ridly Greig 0 0 0 0 0 1 0 0 0 0 0/0 8:36 0:00 0:00
Sam Steel 0 0 0 0 0 1 1 1 0 0 0/2 14:46 0:00 0:01
Sean Durzi 0 0 0 -1 0 2 0 5 0 0 0/0 16:28 0:00 0:35
Taylor Hall 0 0 0 0 0 1 0 0 1 0 0/0 8:36 0:00 0:00
Vladislav Namestnikov 1 0 1 -1 0 2 2 0 0 2 0/4 19:57 2:19 1:01
3 Stars
1 - Conor Garland (NYR)
2 - Adam Lowry (WPG)
3 - Cole Caufield (NYR)
Power Play
New York Rangers - 1 on 3 Attempt(s) - 33.33%
Winnipeg Jets - 1 on 5 Attempt(s) - 20.00%
Penalty Kill
New York Rangers - 4 on 5 Attempt(s) - 80.00%
- Score 0 goal in Penalty Kill
Winnipeg Jets - 2 on 3 Attempt(s) - 66.67%
- Score 0 goal in Penalty Kill
Team Stat
New York Rangers - Hits : 21 - Faceoff Wins : 39 - Blocked Shots : 15 - Penalty Minutes : 10
Winnipeg Jets - Hits : 24 - Faceoff Wins : 34 - Blocked Shots : 20 - Penalty Minutes : 6
Official
Referees : Conor O'Donnell and Gord Dwyer
Linesman : Travis Gawryletz and Trent Knorr
Game Notes
Nate Schmidt is injured at 7:50 of 2nd period (Lower Body)
Finance
Level 1 -- Attendance: 5426 (90.43%) -- Ticket Income $499,192
Level 2 -- Attendance: 4411 (88.22%) -- Ticket Income $242,605
Level 3 -- Attendance: 2881 (96.03%) -- Ticket Income $86,430
Level 4 -- Attendance: 4988 (99.76%) -- Ticket Income $109,736
Luxury Box -- Attendance: 995 (99.50%) -- Ticket Income $189,050
Game was played at the MTS Centre.
Total Attendance: 18701 (93.51%)
Total Ticket Income: $1,127,013
Other Income: $394,455
Total Income: $1,521,468
New York Rangers
5 vs 5 Forward
Center Left Wing Right Wing Time % Phy DF OF
1 Mikael Granlund Artemi Panarin Nathan MacKinnon 30 1 1 3
2 Dylan Strome Cole Caufield Timo Meier 30 1 1 3
3 Sean Couturier Teuvo Teravainen Conor Garland 25 1 2 2
4 David Kampf Tyler Motte Marcus Foligno 15 1 2 2
5 vs 5 Defense
Defense Defense Time % Phy DF OF
1 Jake McCabe Adam Larsson 40 1 3 1
2 Cam Fowler Jake Walman 35 1 3 1
3 John Marino Matthew Benning 25 1 3 1
4 Cam Fowler Jake McCabe 0 1 2 2
PowerPlay Forward
Center Left Wing Right Wing Time % Phy DF OF
1 Nathan MacKinnon Timo Meier Cole Caufield 60 0 1 4
2 Dylan Strome Mikael Granlund Conor Garland 40 1 1 3
PowerPlay Defense
Defense Defense Time % Phy DF OF
1 Cam Fowler Artemi Panarin 60 0 1 4
2 Teuvo Teravainen Jake Walman 40 1 1 3
Penalty Kill 4 Players Forward
Center Wing Time % Phy DF OF
1 David Kampf Tyler Motte 50 1 3 1
2 Mikael Granlund Marcus Foligno 50 1 3 1
Penalty Kill 4 Players Defense
Defense Defense Time % Phy DF OF
1 Jake Walman John Marino 50 1 3 1
2 Adam Larsson Jake McCabe 50 1 3 1
Penalty Kill - 3 Players Forward
Forward Time % Phy DF OF
1 David Kampf 50 1 3 1
2 Mikael Granlund 50 1 3 1
Penalty Kill - 3 Players Defense
Defense Defense Time % Phy DF OF
1 Jake Walman John Marino 50 1 3 1
2 Adam Larsson Cam Fowler 50 1 3 1
4 vs 4 Forward
Center Wing Time % Phy DF OF
1 Nathan MacKinnon Artemi Panarin 50 1 2 2
2 Dylan Strome Cole Caufield 50 1 2 2
4 vs 4 Defense
Defense Defense Time % Phy DF OF
1 Jake Walman Jake McCabe 50 1 2 2
2 Adam Larsson Cam Fowler 50 1 2 2
Last Minutes Offensive
Center Left Wing Right Wing Defense Defense
Nathan MacKinnon Artemi Panarin Cole Caufield Cam Fowler Jake Walman
Last Minutes Defensive
Center Left Wing Right Wing Defense Defense
David Kampf Mikael Granlund Marcus Foligno Jake Walman John Marino
Goaltenders
Starting : Igor Shesterkin
Backup : Kevin Lankinen
Extra Forwards
Normal : Cole Caufield, Artemi Panarin, Timo Meier - PP : Dylan Strome, Conor Garland - PK : Sean Couturier
Extra Defensemen
Normal : Jake Walman, John Marino, Adam Larsson - PP : John Marino - PK : Cam Fowler, Matthew Benning
Penalty Shots
Artemi Panarin, Dylan Strome, Cole Caufield, Conor Garland, Nathan MacKinnon
Scratches
None
Winnipeg Jets
5 vs 5 Forward
Center Left Wing Right Wing Time % Phy DF OF
1 Connor McDavid Alexis Lafreniere Vladislav Namestnikov 30 1 2 2
2 Connor Bedard Joel Armia Sam Steel 30 1 2 2
3 Adam Lowry Barclay Goodrow Jason Zucker 25 1 2 2
4 Andre Burakovsky Taylor Hall Ridly Greig 15 1 2 2
5 vs 5 Defense
Defense Defense Time % Phy DF OF
1 Oliver Ekman-Larsson Nate Schmidt 35 1 2 2
2 Michael Kesselring Olli Maatta 35 1 2 2
3 Haydn Fleury Sean Durzi 30 1 2 2
4 Oliver Ekman-Larsson Nate Schmidt 0 1 2 2
PowerPlay Forward
Center Left Wing Right Wing Time % Phy DF OF
1 Adam Lowry Alexis Lafreniere Vladislav Namestnikov 50 1 2 2
2 Connor Bedard Joel Armia Connor McDavid 50 1 2 2
PowerPlay Defense
Defense Defense Time % Phy DF OF
1 Oliver Ekman-Larsson Nate Schmidt 50 1 2 2
2 Haydn Fleury Olli Maatta 50 1 2 2
Penalty Kill 4 Players Forward
Center Wing Time % Phy DF OF
1 Vladislav Namestnikov Connor Bedard 50 1 2 2
2 Alexis Lafreniere Adam Lowry 50 1 2 2
Penalty Kill 4 Players Defense
Defense Defense Time % Phy DF OF
1 Oliver Ekman-Larsson Nate Schmidt 50 1 2 2
2 Haydn Fleury Olli Maatta 50 1 2 2
Penalty Kill - 3 Players Forward
Forward Time % Phy DF OF
1 Alexis Lafreniere 50 1 2 2
2 Connor Bedard 50 1 2 2
Penalty Kill - 3 Players Defense
Defense Defense Time % Phy DF OF
1 Oliver Ekman-Larsson Nate Schmidt 50 1 2 2
2 Haydn Fleury Olli Maatta 50 1 2 2
4 vs 4 Forward
Center Wing Time % Phy DF OF
1 Vladislav Namestnikov Connor Bedard 50 1 2 2
2 Alexis Lafreniere Adam Lowry 50 1 2 2
4 vs 4 Defense
Defense Defense Time % Phy DF OF
1 Oliver Ekman-Larsson Nate Schmidt 50 1 2 2
2 Haydn Fleury Olli Maatta 50 1 2 2
Last Minutes Offensive
Center Left Wing Right Wing Defense Defense
Connor McDavid Alexis Lafreniere Vladislav Namestnikov Oliver Ekman-Larsson Nate Schmidt
Last Minutes Defensive
Center Left Wing Right Wing Defense Defense
Connor McDavid Alexis Lafreniere Vladislav Namestnikov Oliver Ekman-Larsson Nate Schmidt
Goaltenders
Starting : Ukko-Pekka Luukkonen
Backup : Yaroslav Askarov
Extra Forwards
Normal : Connor Bedard, Barclay Goodrow, Jason Zucker - PP : Alexis Lafreniere, Barclay Goodrow - PK : Jason Zucker
Extra Defensemen
Normal : Haydn Fleury, Oliver Ekman-Larsson, Nate Schmidt - PP : Haydn Fleury - PK : Nate Schmidt, Oliver Ekman-Larsson
Penalty Shots
Jason Zucker, Connor Bedard, Alexis Lafreniere, Adam Lowry, Vladislav Namestnikov
Scratches
Mason Appleton (Healthy), Brayden Pachal (Healthy), Dylan Samberg (Healthy), Martin Jones (Healthy)
% Time on Ice - New York Rangers
Lines # - Real PCT - Wanted PCT - Time Play
Normal Forward
1 - 30% - 30% - 15:35
2 - 29% - 30% - 15:06
3 - 25% - 25% - 12:39
4 - 15% - 15% - 7:56
Normal Defense
1 - 41% - 40% - 20:49
2 - 36% - 35% - 18:21
3 - 24% - 25% - 12:06
4 - 0% - 0% - 0:00
PP Forward
1 - 60% - 60% - 1:23
2 - 40% - 40% - 0:55
PP Defense
1 - 62% - 60% - 1:26
2 - 38% - 40% - 0:52
PK Forward
1 - 52% - 50% - 1:26
2 - 48% - 50% - 1:20
PK Defense
1 - 49% - 50% - 1:21
2 - 51% - 50% - 1:25
PK3 Forward
1 - 50% - 50% - 0:53
2 - 50% - 50% - 0:52
PK3 Defense
1 - 56% - 50% - 0:59
2 - 44% - 50% - 0:46
44 Forward
1 - 54% - 50% - 1:02
2 - 46% - 50% - 0:53
44 Defense
1 - 50% - 50% - 0:57
2 - 50% - 50% - 0:58
Last Minute Offensive - 0:00
Last Minute Defensive - 0:00
Total
Forward - 60:00
Defense - 60:00
|
% Time on Ice - Winnipeg Jets
Lines # - Real PCT - Wanted PCT - Time Play
Normal Forward
1 - 31% - 30% - 15:40
2 - 30% - 30% - 15:09
3 - 23% - 25% - 11:51
4 - 17% - 15% - 8:36
Normal Defense
1 - 33% - 35% - 16:57
2 - 37% - 35% - 19:02
3 - 29% - 30% - 14:40
4 - 1% - 0% - 0:37
PP Forward
1 - 51% - 50% - 2:19
2 - 49% - 50% - 2:12
PP Defense
1 - 49% - 50% - 2:14
2 - 51% - 50% - 2:17
PK Forward
1 - 44% - 50% - 1:01
2 - 56% - 50% - 1:17
PK Defense
1 - 51% - 50% - 1:10
2 - 49% - 50% - 1:08
PK3 Forward
1 - 0% - 50%
2 - 0% - 50%
PK3 Defense
1 - 0% - 50%
2 - 0% - 50%
44 Forward
1 - 50% - 50% - 0:57
2 - 50% - 50% - 0:58
44 Defense
1 - 49% - 50% - 0:56
2 - 51% - 50% - 0:59
Last Minute Offensive - 0:00
Last Minute Defensive - 0:00
Total
Forward - 60:00
Defense - 60:00
|
Play-by-Play
1st period
0:01 of 1st period - Connor McDavid wins face-off versus Mikael Granlund in neutral zone.
0:08 of 1st period - Wrist shot by Connor McDavid.
0:08 of 1st period - Shot Misses the Net.
0:19 of 1st period - Minor Penalty to Nate Schmidt for Interference.
0:20 of 1st period - Nathan MacKinnon wins face-off versus Vladislav Namestnikov in Winnipeg Jets zone.
0:22 of 1st period - Backhand shot by Nathan MacKinnon.
0:22 of 1st period - Shot Misses the Net.
1:15 of 1st period - Olli Maatta is hit by Nathan MacKinnon and loses puck.
2:19 of 1st period - Penalty to Nate Schmidt is over, Nate Schmidt is back on ice.
2:50 of 1st period - Sean Couturier is hit by Jason Zucker and loses puck.
3:19 of 1st period - Haydn Fleury is hit by Mikael Granlund and loses puck.
3:42 of 1st period - Adam Larsson is hit by Adam Lowry and loses puck.
4:05 of 1st period - Mikael Granlund is hit by Joel Armia and loses puck.
4:30 of 1st period - Cam Fowler is hit by Vladislav Namestnikov and loses puck.
4:37 of 1st period - Oliver Ekman-Larsson is hit by Marcus Foligno and loses puck.
4:48 of 1st period - Sean Couturier is hit by Adam Lowry and loses puck.
4:58 of 1st period - Icing by Barclay Goodrow.
4:59 of 1st period - Dylan Strome wins face-off versus Adam Lowry in Winnipeg Jets zone.
5:00 of 1st period - Wrist shot by Cole Caufield.
5:00 of 1st period - Stopped by Ukko-Pekka Luukkonen with a rebound.
5:02 of 1st period - Snap shot by Nathan MacKinnon.
5:02 of 1st period - Shot Misses the Net.
5:08 of 1st period - Oliver Ekman-Larsson is hit by Mikael Granlund and loses puck.
5:13 of 1st period - Wrist shot by Nathan MacKinnon.
5:13 of 1st period - Shot Blocked by Oliver Ekman-Larsson.
6:20 of 1st period - Wrist shot by Andre Burakovsky.
6:20 of 1st period - Stopped by Igor Shesterkin without a rebound.
6:21 of 1st period - Dylan Strome wins face-off versus Connor Bedard in New York Rangers zone.
7:11 of 1st period - Sean Durzi is hit by Jake Walman and loses puck.
8:06 of 1st period - Off-side.
8:07 of 1st period - Nathan MacKinnon wins face-off versus Connor Bedard in neutral zone.
8:57 of 1st period - Snap shot by Conor Garland.
8:57 of 1st period - Goal by Conor Garland - New York Rangers : 1 - Winnipeg Jets : 0.
8:58 of 1st period - Connor Bedard wins face-off versus Artemi Panarin in neutral zone.
9:15 of 1st period - Slapshot by Nathan MacKinnon.
9:15 of 1st period - Stopped by Ukko-Pekka Luukkonen with a rebound.
9:25 of 1st period - Connor Bedard is hit by Jake Walman and loses puck.
9:50 of 1st period - Wrist shot by Cole Caufield.
9:50 of 1st period - Stopped by Ukko-Pekka Luukkonen without a rebound.
9:51 of 1st period - Adam Lowry wins face-off versus Dylan Strome in Winnipeg Jets zone.
10:16 of 1st period - Connor McDavid is hit by Mikael Granlund and loses puck.
10:27 of 1st period - Snap shot by Alexis Lafreniere.
10:27 of 1st period - Shot Blocked by John Marino.
11:01 of 1st period - Slapshot by Cole Caufield.
11:01 of 1st period - Shot Blocked by Andre Burakovsky.
11:38 of 1st period - Wrist shot by Jason Zucker.
11:38 of 1st period - Stopped by Igor Shesterkin without a rebound.
11:39 of 1st period - Connor McDavid wins face-off versus Mikael Granlund in New York Rangers zone.
11:50 of 1st period - Snap shot by Alexis Lafreniere.
11:50 of 1st period - Shot Misses the Net.
11:52 of 1st period - Wrist shot by Connor McDavid.
11:52 of 1st period - Stopped by Igor Shesterkin with a rebound.
11:54 of 1st period - Slapshot by Alexis Lafreniere.
11:54 of 1st period - Stopped by Igor Shesterkin with a rebound.
11:56 of 1st period - Wrist shot by Alexis Lafreniere.
11:56 of 1st period - Shot Blocked by Mikael Granlund.
12:58 of 1st period - Snap shot by Andre Burakovsky.
12:58 of 1st period - Shot Misses the Net.
13:00 of 1st period - Slapshot by Michael Kesselring.
13:00 of 1st period - Shot Misses the Net.
13:02 of 1st period - Snap shot by Taylor Hall.
13:02 of 1st period - Stopped by Igor Shesterkin with a rebound.
13:14 of 1st period - Snap shot by Mikael Granlund.
13:14 of 1st period - Shot Blocked by Sean Durzi.
13:16 of 1st period - Slapshot by Jake McCabe.
13:16 of 1st period - Shot Blocked by Haydn Fleury.
13:37 of 1st period - Off-side.
13:38 of 1st period - Adam Lowry wins face-off versus Dylan Strome in neutral zone.
13:46 of 1st period - Jake Walman is hit by Adam Lowry and loses puck.
14:50 of 1st period - Snap shot by Conor Garland.
14:50 of 1st period - Shot Misses the Net.
14:52 of 1st period - Slapshot by John Marino.
14:52 of 1st period - Shot Blocked by Sean Durzi.
15:06 of 1st period - Snap shot by Ridly Greig.
15:06 of 1st period - Shot Blocked by Jake Walman.
15:16 of 1st period - Joel Armia is hit by Mikael Granlund and loses puck.
15:29 of 1st period - Snap shot by Jason Zucker.
15:29 of 1st period - Shot Blocked by Cam Fowler.
15:56 of 1st period - Wrist shot by Jason Zucker.
15:56 of 1st period - Shot Misses the Net.
15:59 of 1st period - Icing by Jake Walman.
16:00 of 1st period - Sean Couturier wins face-off versus Connor McDavid in New York Rangers zone.
16:00 of 1st period - Sean Couturier is hit by Connor McDavid.
16:12 of 1st period - Slapshot by Sean Couturier.
16:12 of 1st period - Goal by Sean Couturier - New York Rangers : 2 - Winnipeg Jets : 0.
16:13 of 1st period - Mikael Granlund wins face-off versus Connor McDavid in neutral zone.
16:15 of 1st period - Off-side.
16:16 of 1st period - Mikael Granlund wins face-off versus Connor McDavid in neutral zone.
16:31 of 1st period - Slapshot by Nathan MacKinnon.
16:31 of 1st period - Shot Misses the Net.
16:53 of 1st period - Backhand shot by Cole Caufield.
16:53 of 1st period - Shot Misses the Net.
16:55 of 1st period - Slapshot by Cole Caufield.
16:55 of 1st period - Stopped by Ukko-Pekka Luukkonen with a rebound.
17:51 of 1st period - Minor Penalty to Jake Walman for Roughing.
17:52 of 1st period - Mikael Granlund wins face-off versus Adam Lowry in New York Rangers zone.
17:59 of 1st period - Wrist shot by Mikael Granlund.
17:59 of 1st period - Shot Blocked by Adam Lowry.
19:02 of 1st period - Mikael Granlund is hit by Connor McDavid.
19:51 of 1st period - Penalty to Jake Walman is over, Jake Walman is back on ice.
19:53 of 1st period - Icing by Connor Bedard.
19:54 of 1st period - Connor Bedard wins face-off versus Cole Caufield in Winnipeg Jets zone.
Goals for this period are 2 for New York Rangers vs 0 for Winnipeg Jets.
Shots for this period are 6 for New York Rangers vs 5 for Winnipeg Jets.
2nd period
0:01 of 2nd period - Connor McDavid wins face-off versus Mikael Granlund in neutral zone.
0:11 of 2nd period - Slapshot by Nathan MacKinnon.
0:11 of 2nd period - Stopped by Ukko-Pekka Luukkonen with a rebound.
0:27 of 2nd period - Jake McCabe is hit by Nate Schmidt and loses puck.
0:38 of 2nd period - Snap shot by Adam Lowry.
0:38 of 2nd period - Goal by Adam Lowry - New York Rangers : 2 - Winnipeg Jets : 1.
0:39 of 2nd period - Connor Bedard wins face-off versus Timo Meier in neutral zone.
0:42 of 2nd period - Snap shot by Joel Armia.
0:42 of 2nd period - Shot Blocked by Adam Larsson.
0:50 of 2nd period - Snap shot by Dylan Strome.
0:50 of 2nd period - Goal by Dylan Strome - New York Rangers : 3 - Winnipeg Jets : 1.
0:51 of 2nd period - Connor McDavid wins face-off versus Sean Couturier in neutral zone.
1:24 of 2nd period - Snap shot by Joel Armia.
1:24 of 2nd period - Shot Blocked by Matthew Benning.
1:43 of 2nd period - Slapshot by Ridly Greig.
1:43 of 2nd period - Shot Misses the Net.
1:45 of 2nd period - Slapshot by Nate Schmidt.
1:45 of 2nd period - Stopped by Igor Shesterkin without a rebound.
1:46 of 2nd period - Connor McDavid wins face-off versus Dylan Strome in New York Rangers zone.
2:24 of 2nd period - Wrist shot by Joel Armia.
2:24 of 2nd period - Stopped by Igor Shesterkin without a rebound.
2:25 of 2nd period - Adam Lowry wins face-off versus Dylan Strome in New York Rangers zone.
2:30 of 2nd period - Slapshot by Adam Lowry.
2:30 of 2nd period - Shot Blocked by Cam Fowler.
2:32 of 2nd period - Wrist shot by Barclay Goodrow.
2:32 of 2nd period - Shot Misses the Net.
2:34 of 2nd period - Snap shot by Barclay Goodrow.
2:34 of 2nd period - Shot Blocked by Cam Fowler.
3:07 of 2nd period - Icing by Nate Schmidt.
3:08 of 2nd period - Mikael Granlund wins face-off versus Connor McDavid in Winnipeg Jets zone.
3:39 of 2nd period - Connor Bedard is hit by Timo Meier and loses puck.
4:36 of 2nd period - David Kampf is hit by Olli Maatta.
4:46 of 2nd period - Wrist shot by Marcus Foligno.
4:46 of 2nd period - Shot Misses the Net.
4:48 of 2nd period - Slapshot by John Marino.
4:48 of 2nd period - Shot Misses the Net.
4:50 of 2nd period - Snap shot by David Kampf.
4:50 of 2nd period - Stopped by Ukko-Pekka Luukkonen without a rebound.
4:51 of 2nd period - Sean Couturier wins face-off versus Connor McDavid in Winnipeg Jets zone.
4:54 of 2nd period - Snap shot by Sean Couturier.
4:54 of 2nd period - Deflect By Teuvo Teravainen.
4:54 of 2nd period - Shot Blocked by Haydn Fleury.
4:54 of 2nd period - Puck is out of play.
4:55 of 2nd period - Connor McDavid wins face-off versus Sean Couturier in Winnipeg Jets zone.
4:55 of 2nd period - Connor McDavid is hit by Conor Garland.
5:15 of 2nd period - Minor Penalty to Jake McCabe for Slashing.
5:16 of 2nd period - Adam Lowry wins face-off versus David Kampf in New York Rangers zone.
5:16 of 2nd period - Snap shot by Alexis Lafreniere.
5:16 of 2nd period - Shot Misses the Net.
5:18 of 2nd period - Snap shot by Adam Lowry.
5:18 of 2nd period - Stopped by Igor Shesterkin without a rebound.
5:19 of 2nd period - Connor Bedard wins face-off versus David Kampf in New York Rangers zone.
5:29 of 2nd period - Minor Penalty to Tyler Motte for Hooking.
5:30 of 2nd period - Adam Lowry wins face-off versus David Kampf in New York Rangers zone.
5:32 of 2nd period - Backhand shot by Adam Lowry.
5:32 of 2nd period - Stopped by Igor Shesterkin with a rebound.
5:34 of 2nd period - Slapshot by Olli Maatta.
5:34 of 2nd period - Shot Blocked by Jake Walman.
5:56 of 2nd period - Joel Armia is hit by David Kampf and loses puck.
6:07 of 2nd period - Snap shot by Connor Bedard.
6:07 of 2nd period - Shot Misses the Net.
7:07 of 2nd period - Icing by Adam Lowry.
7:08 of 2nd period - Mikael Granlund wins face-off versus Alexis Lafreniere in Winnipeg Jets zone.
7:15 of 2nd period - Penalty to Jake McCabe is over, Jake McCabe is back on ice.
7:19 of 2nd period - Snap shot by Connor McDavid.
7:19 of 2nd period - Stopped by Igor Shesterkin with a rebound.
7:29 of 2nd period - Penalty to Tyler Motte is over, Tyler Motte is back on ice.
7:35 of 2nd period - Snap shot by Andre Burakovsky.
7:35 of 2nd period - Shot Misses the Net.
7:43 of 2nd period - Snap shot by Andre Burakovsky.
7:43 of 2nd period - Shot Blocked by Adam Larsson.
7:49 of 2nd period - Nate Schmidt is hit by Timo Meier and loses puck.
7:50 of 2nd period - Nate Schmidt from Winnipeg Jets is injured at 7:50 of 2nd period (Lower Body).
7:51 of 2nd period - Joel Armia wins face-off versus Mikael Granlund in Winnipeg Jets zone.
8:06 of 2nd period - Slapshot by Connor Bedard.
8:06 of 2nd period - Stopped by Igor Shesterkin without a rebound.
8:07 of 2nd period - Barclay Goodrow wins face-off versus Dylan Strome in New York Rangers zone.
8:23 of 2nd period - Wrist shot by Cole Caufield.
8:23 of 2nd period - Shot Blocked by Sean Durzi.
8:36 of 2nd period - Off-side.
8:37 of 2nd period - Connor Bedard wins face-off versus Artemi Panarin in neutral zone.
8:50 of 2nd period - Wrist shot by Joel Armia.
8:50 of 2nd period - Stopped by Igor Shesterkin without a rebound.
8:51 of 2nd period - Sean Couturier wins face-off versus Connor McDavid in New York Rangers zone.
8:51 of 2nd period - Sean Couturier is hit by Alexis Lafreniere.
9:17 of 2nd period - Jason Zucker is hit by Mikael Granlund.
9:59 of 2nd period - Wrist shot by David Kampf.
9:59 of 2nd period - Stopped by Ukko-Pekka Luukkonen with a rebound.
10:01 of 2nd period - Slapshot by Adam Larsson.
10:01 of 2nd period - Shot Blocked by Oliver Ekman-Larsson.
10:03 of 2nd period - Snap shot by Tyler Motte.
10:03 of 2nd period - Stopped by Ukko-Pekka Luukkonen with a rebound.
10:05 of 2nd period - Wrist shot by David Kampf.
10:05 of 2nd period - Shot Blocked by Olli Maatta.
10:07 of 2nd period - Slapshot by Tyler Motte.
10:07 of 2nd period - Stopped by Ukko-Pekka Luukkonen with a rebound.
10:09 of 2nd period - Snap shot by Marcus Foligno.
10:09 of 2nd period - Shot Blocked by Oliver Ekman-Larsson.
10:41 of 2nd period - Jake Walman is hit by Connor Bedard.
10:45 of 2nd period - Snap shot by Sam Steel.
10:45 of 2nd period - Stopped by Igor Shesterkin with a rebound.
14:26 of 2nd period - John Marino is hit by Sam Steel.
15:23 of 2nd period - Icing by Oliver Ekman-Larsson.
15:24 of 2nd period - Dylan Strome wins face-off versus Adam Lowry in Winnipeg Jets zone.
15:25 of 2nd period - Snap shot by Cole Caufield.
15:25 of 2nd period - Shot Misses the Net.
15:27 of 2nd period - Wrist shot by Dylan Strome.
15:27 of 2nd period - Shot Blocked by Haydn Fleury.
15:45 of 2nd period - Snap shot by Jason Zucker.
15:45 of 2nd period - Stopped by Igor Shesterkin without a rebound.
15:46 of 2nd period - Connor McDavid wins face-off versus Artemi Panarin in New York Rangers zone.
15:47 of 2nd period - Snap shot by Alexis Lafreniere.
15:47 of 2nd period - Shot Misses the Net.
15:49 of 2nd period - Slapshot by Connor McDavid.
15:49 of 2nd period - Stopped by Igor Shesterkin without a rebound.
15:50 of 2nd period - Connor McDavid wins face-off versus Mikael Granlund in New York Rangers zone.
15:51 of 2nd period - Wrist shot by Alexis Lafreniere.
15:51 of 2nd period - Stopped by Igor Shesterkin with a rebound.
15:53 of 2nd period - Snap shot by Alexis Lafreniere.
15:53 of 2nd period - Shot Misses the Net.
15:59 of 2nd period - Snap shot by Alexis Lafreniere.
15:59 of 2nd period - Deflect By Connor McDavid.
15:59 of 2nd period - Shot Blocked by Adam Larsson.
15:59 of 2nd period - Puck is out of play.
16:00 of 2nd period - Connor McDavid wins face-off versus Dylan Strome in New York Rangers zone.
16:27 of 2nd period - Timo Meier is hit by Jason Zucker and loses puck.
16:40 of 2nd period - Snap shot by Jason Zucker.
16:40 of 2nd period - Stopped by Igor Shesterkin with a rebound.
16:56 of 2nd period - Joel Armia is hit by Nathan MacKinnon.
17:10 of 2nd period - Jake Walman is hit by Haydn Fleury and loses puck.
17:21 of 2nd period - Wrist shot by Nathan MacKinnon.
17:21 of 2nd period - Stopped by Ukko-Pekka Luukkonen with a rebound.
17:23 of 2nd period - Snap shot by Mikael Granlund.
17:23 of 2nd period - Stopped by Ukko-Pekka Luukkonen without a rebound.
17:24 of 2nd period - Connor Bedard wins face-off versus Conor Garland in Winnipeg Jets zone.
17:49 of 2nd period - Sean Couturier is hit by Oliver Ekman-Larsson.
17:57 of 2nd period - Snap shot by Jake McCabe.
17:57 of 2nd period - Shot Blocked by Adam Lowry.
18:10 of 2nd period - Vladislav Namestnikov is hit by Conor Garland and loses puck.
18:35 of 2nd period - Andre Burakovsky is hit by Mikael Granlund and loses puck.
18:40 of 2nd period - Snap shot by Nathan MacKinnon.
18:40 of 2nd period - Shot Misses the Net.
18:42 of 2nd period - Slapshot by Nathan MacKinnon.
18:42 of 2nd period - Stopped by Ukko-Pekka Luukkonen without a rebound.
18:43 of 2nd period - Dylan Strome wins face-off versus Sam Steel in Winnipeg Jets zone.
18:52 of 2nd period - Joel Armia is hit by Jake McCabe and loses puck.
18:59 of 2nd period - Jake McCabe is hit by Haydn Fleury and loses puck.
19:10 of 2nd period - Connor McDavid is hit by Mikael Granlund and loses puck.
19:23 of 2nd period - Artemi Panarin is hit by Alexis Lafreniere and loses puck.
19:42 of 2nd period - Slapshot by Marcus Foligno.
19:42 of 2nd period - Deflect By David Kampf.
19:42 of 2nd period - Shot Blocked by Haydn Fleury.
19:42 of 2nd period - Puck is out of play.
19:43 of 2nd period - Connor Bedard wins face-off versus Dylan Strome in Winnipeg Jets zone.
19:50 of 2nd period - Timo Meier is hit by Connor Bedard and loses puck.
Goals for this period are 1 for New York Rangers vs 1 for Winnipeg Jets.
Shots for this period are 9 for New York Rangers vs 13 for Winnipeg Jets.
3rd period
0:01 of 3rd period - Connor McDavid wins face-off versus Mikael Granlund in neutral zone.
0:16 of 3rd period - Slapshot by Cam Fowler.
0:16 of 3rd period - Shot Misses the Net.
0:34 of 3rd period - Wrist shot by Timo Meier.
0:34 of 3rd period - Stopped by Ukko-Pekka Luukkonen without a rebound.
0:35 of 3rd period - Connor Bedard wins face-off versus Conor Garland in Winnipeg Jets zone.
0:43 of 3rd period - Minor Penalty to Jake McCabe for High sticking.
0:44 of 3rd period - David Kampf wins face-off versus Adam Lowry in New York Rangers zone.
0:50 of 3rd period - Wrist shot by Vladislav Namestnikov.
0:50 of 3rd period - Shot Misses the Net.
0:52 of 3rd period - Slapshot by Haydn Fleury.
0:52 of 3rd period - Deflect By Cam Fowler.
0:52 of 3rd period - Stopped by Igor Shesterkin with a rebound.
0:58 of 3rd period - Snap shot by Adam Lowry.
0:58 of 3rd period - Deflect By Vladislav Namestnikov.
0:58 of 3rd period - Goal by Vladislav Namestnikov - New York Rangers : 3 - Winnipeg Jets : 2.
0:59 of 3rd period - Connor McDavid wins face-off versus Sean Couturier in neutral zone.
1:32 of 3rd period - Snap shot by Joel Armia.
1:32 of 3rd period - Deflect By Mikael Granlund.
1:32 of 3rd period - Shot Blocked by Nathan MacKinnon.
1:32 of 3rd period - Puck is out of play.
1:33 of 3rd period - Dylan Strome wins face-off versus Joel Armia in New York Rangers zone.
1:56 of 3rd period - Sean Durzi is hit by Timo Meier and loses puck.
2:16 of 3rd period - Snap shot by Sean Durzi.
2:16 of 3rd period - Stopped by Igor Shesterkin without a rebound.
2:17 of 3rd period - Nathan MacKinnon wins face-off versus Connor McDavid in New York Rangers zone.
2:22 of 3rd period - Backhand shot by Connor McDavid.
2:22 of 3rd period - Stopped by Igor Shesterkin without a rebound.
2:23 of 3rd period - Connor McDavid wins face-off versus Mikael Granlund in New York Rangers zone.
2:59 of 3rd period - Snap shot by Jason Zucker.
2:59 of 3rd period - Shot Blocked by Cam Fowler.
3:35 of 3rd period - Wrist shot by Tyler Motte.
3:35 of 3rd period - Stopped by Ukko-Pekka Luukkonen without a rebound.
3:36 of 3rd period - Artemi Panarin wins face-off versus Connor McDavid in Winnipeg Jets zone.
3:37 of 3rd period - Slapshot by Nathan MacKinnon.
3:37 of 3rd period - Shot Blocked by Oliver Ekman-Larsson.
3:59 of 3rd period - Wrist shot by Alexis Lafreniere.
3:59 of 3rd period - Shot Misses the Net.
4:01 of 3rd period - Snap shot by Alexis Lafreniere.
4:01 of 3rd period - Shot Misses the Net.
4:03 of 3rd period - Slapshot by Alexis Lafreniere.
4:03 of 3rd period - Stopped by Igor Shesterkin with a rebound.
4:33 of 3rd period - Marcus Foligno is hit by Vladislav Namestnikov and loses puck.
4:50 of 3rd period - Snap shot by Artemi Panarin.
4:50 of 3rd period - Shot Blocked by Barclay Goodrow.
4:52 of 3rd period - Slapshot by John Marino.
4:52 of 3rd period - Stopped by Ukko-Pekka Luukkonen without a rebound.
4:53 of 3rd period - Mikael Granlund wins face-off versus Jason Zucker in Winnipeg Jets zone.
5:29 of 3rd period - Backhand shot by Nathan MacKinnon.
5:29 of 3rd period - Shot Misses the Net.
5:39 of 3rd period - Michael Kesselring is hit by Mikael Granlund and loses puck.
6:20 of 3rd period - Snap shot by Jason Zucker.
6:20 of 3rd period - Shot Misses the Net.
6:35 of 3rd period - Snap shot by Nathan MacKinnon.
6:35 of 3rd period - Stopped by Ukko-Pekka Luukkonen with a rebound.
6:41 of 3rd period - Wrist shot by Jason Zucker.
6:41 of 3rd period - Shot Blocked by Mikael Granlund.
6:43 of 3rd period - Snap shot by Jason Zucker.
6:43 of 3rd period - Shot Misses the Net.
6:45 of 3rd period - Slapshot by Sean Durzi.
6:45 of 3rd period - Stopped by Igor Shesterkin with a rebound.
6:47 of 3rd period - Slapshot by Jason Zucker.
6:47 of 3rd period - Stopped by Igor Shesterkin without a rebound.
6:48 of 3rd period - Connor Bedard wins face-off versus Dylan Strome in New York Rangers zone.
6:51 of 3rd period - Wrist shot by Joel Armia.
6:51 of 3rd period - Shot Misses the Net.
6:53 of 3rd period - Wrist shot by Oliver Ekman-Larsson.
6:53 of 3rd period - Stopped by Igor Shesterkin with a rebound.
6:55 of 3rd period - Snap shot by Joel Armia.
6:55 of 3rd period - Goal by Joel Armia - New York Rangers : 3 - Winnipeg Jets : 3.
6:56 of 3rd period - Dylan Strome wins face-off versus Connor Bedard in neutral zone.
6:59 of 3rd period - Snap shot by Cole Caufield.
6:59 of 3rd period - Stopped by Ukko-Pekka Luukkonen with a rebound.
7:01 of 3rd period - Wrist shot by Timo Meier.
7:01 of 3rd period - Shot Blocked by Sean Durzi.
7:03 of 3rd period - Wrist shot by Timo Meier.
7:03 of 3rd period - Shot Blocked by Sean Durzi.
7:05 of 3rd period - Snap shot by Cole Caufield.
7:05 of 3rd period - Stopped by Ukko-Pekka Luukkonen without a rebound.
7:06 of 3rd period - Dylan Strome wins face-off versus Connor Bedard in Winnipeg Jets zone.
7:21 of 3rd period - Snap shot by Dylan Strome.
7:21 of 3rd period - Stopped by Ukko-Pekka Luukkonen with a rebound.
7:25 of 3rd period - Snap shot by Cole Caufield.
7:25 of 3rd period - Shot Blocked by Sam Steel.
7:35 of 3rd period - Snap shot by Cole Caufield.
7:35 of 3rd period - Shot Misses the Net.
7:37 of 3rd period - Slapshot by Adam Larsson.
7:37 of 3rd period - Stopped by Ukko-Pekka Luukkonen with a rebound.
7:39 of 3rd period - Slapshot by Jake McCabe.
7:39 of 3rd period - Deflect By Dylan Strome.
7:39 of 3rd period - Shot Blocked by Haydn Fleury.
7:39 of 3rd period - Puck is out of play.
7:40 of 3rd period - Sean Couturier wins face-off versus Connor McDavid in Winnipeg Jets zone.
7:45 of 3rd period - Wrist shot by Conor Garland.
7:45 of 3rd period - Stopped by Ukko-Pekka Luukkonen with a rebound.
7:47 of 3rd period - Snap shot by Cam Fowler.
7:47 of 3rd period - Shot Misses the Net.
7:49 of 3rd period - Slapshot by Conor Garland.
7:49 of 3rd period - Deflect By Teuvo Teravainen.
7:49 of 3rd period - Stopped by Ukko-Pekka Luukkonen with a rebound.
8:12 of 3rd period - Snap shot by David Kampf.
8:12 of 3rd period - Shot Misses the Net.
8:36 of 3rd period - Wrist shot by Andre Burakovsky.
8:36 of 3rd period - Stopped by Igor Shesterkin with a rebound.
9:17 of 3rd period - Ridly Greig is hit by John Marino and loses puck.
9:44 of 3rd period - Wrist shot by Ridly Greig.
9:44 of 3rd period - Stopped by Igor Shesterkin with a rebound.
9:46 of 3rd period - Slapshot by Michael Kesselring.
9:46 of 3rd period - Deflect By Cole Caufield.
9:46 of 3rd period - Stopped by Igor Shesterkin without a rebound.
9:47 of 3rd period - Teuvo Teravainen wins face-off versus Sam Steel in New York Rangers zone.
10:18 of 3rd period - Snap shot by Jason Zucker.
10:18 of 3rd period - Stopped by Igor Shesterkin without a rebound.
10:19 of 3rd period - Adam Lowry wins face-off versus Mikael Granlund in New York Rangers zone.
10:26 of 3rd period - Slapshot by Adam Lowry.
10:26 of 3rd period - Stopped by Igor Shesterkin without a rebound.
10:27 of 3rd period - Mikael Granlund wins face-off versus Connor Bedard in New York Rangers zone.
10:34 of 3rd period - Slapshot by Artemi Panarin.
10:34 of 3rd period - Shot Misses the Net.
10:43 of 3rd period - Off-side.
10:44 of 3rd period - Connor McDavid wins face-off versus Sean Couturier in neutral zone.
10:48 of 3rd period - Off-side.
10:49 of 3rd period - Sean Couturier wins face-off versus Connor McDavid in neutral zone.
11:06 of 3rd period - Wrist shot by Connor McDavid.
11:06 of 3rd period - Stopped by Igor Shesterkin without a rebound.
11:07 of 3rd period - Dylan Strome wins face-off versus Joel Armia in New York Rangers zone.
11:07 of 3rd period - Dylan Strome is hit by Haydn Fleury.
11:42 of 3rd period - Snap shot by Conor Garland.
11:42 of 3rd period - Shot Misses the Net.
12:09 of 3rd period - Snap shot by Artemi Panarin.
12:09 of 3rd period - Stopped by Ukko-Pekka Luukkonen without a rebound.
12:10 of 3rd period - Mikael Granlund wins face-off versus Adam Lowry in Winnipeg Jets zone.
12:23 of 3rd period - Slapshot by Olli Maatta.
12:23 of 3rd period - Shot Blocked by Mikael Granlund.
12:25 of 3rd period - Slapshot by Michael Kesselring.
12:25 of 3rd period - Stopped by Igor Shesterkin without a rebound.
12:26 of 3rd period - Connor Bedard wins face-off versus Sean Couturier in New York Rangers zone.
12:52 of 3rd period - Minor Penalty to Oliver Ekman-Larsson for Tripping.
12:53 of 3rd period - Nathan MacKinnon wins face-off versus Alexis Lafreniere in Winnipeg Jets zone.
12:57 of 3rd period - Backhand shot by Timo Meier.
12:57 of 3rd period - Stopped by Ukko-Pekka Luukkonen with a rebound.
12:59 of 3rd period - Slapshot by Cam Fowler.
12:59 of 3rd period - Stopped by Ukko-Pekka Luukkonen without a rebound.
13:00 of 3rd period - Nathan MacKinnon wins face-off versus Alexis Lafreniere in Winnipeg Jets zone.
13:05 of 3rd period - Snap shot by Nathan MacKinnon.
13:05 of 3rd period - Shot Misses the Net.
13:07 of 3rd period - Snap shot by Cole Caufield.
13:07 of 3rd period - Goal by Cole Caufield - New York Rangers : 4 - Winnipeg Jets : 3.
13:08 of 3rd period - Sean Couturier wins face-off versus Connor Bedard in neutral zone.
13:42 of 3rd period - Snap shot by Artemi Panarin.
13:42 of 3rd period - Stopped by Ukko-Pekka Luukkonen without a rebound.
13:43 of 3rd period - Dylan Strome wins face-off versus Alexis Lafreniere in Winnipeg Jets zone.
14:09 of 3rd period - Off-side.
14:10 of 3rd period - Sean Couturier wins face-off versus Connor Bedard in neutral zone.
14:14 of 3rd period - Jake Walman is hit by Joel Armia and loses puck.
14:58 of 3rd period - Dylan Strome is hit by Alexis Lafreniere and loses puck.
15:36 of 3rd period - Icing by Olli Maatta.
15:37 of 3rd period - David Kampf wins face-off versus Vladislav Namestnikov in Winnipeg Jets zone.
16:22 of 3rd period - Snap shot by Alexis Lafreniere.
16:22 of 3rd period - Stopped by Igor Shesterkin with a rebound.
16:24 of 3rd period - Slapshot by Michael Kesselring.
16:24 of 3rd period - Stopped by Igor Shesterkin with a rebound.
16:34 of 3rd period - Backhand shot by Vladislav Namestnikov.
16:34 of 3rd period - Stopped by Igor Shesterkin without a rebound.
16:35 of 3rd period - Adam Lowry wins face-off versus Sean Couturier in New York Rangers zone.
17:25 of 3rd period - Wrist shot by Joel Armia.
17:25 of 3rd period - Stopped by Igor Shesterkin without a rebound.
17:26 of 3rd period - Timo Meier wins face-off versus Connor Bedard in New York Rangers zone.
17:26 of 3rd period - Timo Meier is hit by Joel Armia.
17:29 of 3rd period - Minor Penalty to Matthew Benning for Tripping.
17:30 of 3rd period - Connor Bedard wins face-off versus Mikael Granlund in New York Rangers zone.
17:33 of 3rd period - Minor Penalty to Haydn Fleury for Roughing.
17:34 of 3rd period - Nathan MacKinnon wins face-off versus Vladislav Namestnikov in Winnipeg Jets zone.
18:40 of 3rd period - Icing by Oliver Ekman-Larsson.
18:41 of 3rd period - Cole Caufield wins face-off versus Vladislav Namestnikov in Winnipeg Jets zone.
18:44 of 3rd period - Wrist shot by Cole Caufield.
18:44 of 3rd period - Stopped by Ukko-Pekka Luukkonen without a rebound.
18:45 of 3rd period - Barry Trotz call a timeout for Winnipeg Jets.
18:45 of 3rd period - Connor Bedard wins face-off versus Dylan Strome in Winnipeg Jets zone.
19:02 of 3rd period - Snap shot by Dylan Strome.
19:02 of 3rd period - Deflect By Cole Caufield.
19:02 of 3rd period - Stopped by Ukko-Pekka Luukkonen without a rebound.
19:03 of 3rd period - Nathan MacKinnon wins face-off versus Alexis Lafreniere in Winnipeg Jets zone.
19:04 of 3rd period - Snap shot by Artemi Panarin.
19:04 of 3rd period - Stopped by Ukko-Pekka Luukkonen with a rebound.
19:06 of 3rd period - Snap shot by Nathan MacKinnon.
19:06 of 3rd period - Stopped by Ukko-Pekka Luukkonen without a rebound.
19:07 of 3rd period - Nathan MacKinnon wins face-off versus Alexis Lafreniere in Winnipeg Jets zone.
19:12 of 3rd period - Snap shot by Artemi Panarin.
19:12 of 3rd period - Stopped by Ukko-Pekka Luukkonen with a rebound.
19:14 of 3rd period - Snap shot by Nathan MacKinnon.
19:14 of 3rd period - Stopped by Ukko-Pekka Luukkonen without a rebound.
19:15 of 3rd period - Nathan MacKinnon wins face-off versus Adam Lowry in Winnipeg Jets zone.
19:29 of 3rd period - Penalty to Matthew Benning is over, Matthew Benning is back on ice.
19:33 of 3rd period - Penalty to Haydn Fleury is over, Haydn Fleury is back on ice.
19:38 of 3rd period - Wrist shot by Nathan MacKinnon.
19:38 of 3rd period - Stopped by Ukko-Pekka Luukkonen with a rebound.
Goals for this period are 1 for New York Rangers vs 2 for Winnipeg Jets.
Shots for this period are 22 for New York Rangers vs 20 for Winnipeg Jets.
Back to the Top